AoeStats
← dexter

Arena

510548814Analyzed
3v3 RM · 1d ago on Oct 1, 2026· 63m 9s· 6 players
Game mode
Random Map
Map size
Normal (6 player)
Population
200
Speed
Normal
Resources
Standard
Victory
Conquest
Starting age
Dark Age
Ending age
Imperial Age
RankedLock teamsTeams togetherTeam positionsShared explorationLock speedFull tech treeHidden civsTurbo modeCheats
Victory
Defeat
🇷🇺 Saxons · Russia
1066
+13
🇹🇷 Spanish · Türkiye
1015
+15
🇹🇼 Varangians · Taiwan
991
+17
🇹🇼 Teutons · Taiwan
1032
-16
🇹🇼 Danes · Taiwan
1015
-16
🇹🇼 Saxons · Taiwan
959
-13
SASHIME
10:38 Feudal Age
14:16 Castle Age
13:31 Double-Bit Axe
20:59 Fletching
29:50 Imperial Age
27:57 Wheelbarrow
28:07 Forging
28:05 Scale Barding Armor
27:45 Horse Collar
29:44 Bloodlines
29:35 Husbandry
30:48 Iron Casting
35:17 Chain Barding Armor
36:33 Conscription
36:44 Hand Cart
36:42 Bow Saw
38:01 Blast Furnace
37:37 Plate Barding Armor
37:45 Conscription
40:21 Chemistry
40:22 Bodkin Arrow
42:39 Bracer
42:30 Elite Jarl
45:22 Vendel Legacy
46:34 Loom
46:41 Gold Mining
55:42 Heavy Plow
59:01 Gothikon
62:21 Town Watch
62:47 Spies/Treason
dexter
11:03 Feudal Age
9:19 Loom
17:15 Castle Age
16:43 Double-Bit Axe
16:40 Horse Collar
23:49 Fletching
26:58 Elite Skirmisher
29:03 Padded Archer Armor
40:18 Imperial Age
39:05 Gold Mining
40:00 Heavy Plow
40:16 Bow Saw
42:07 Conscription
41:50 Bodkin Arrow
44:10 Chemistry
43:05 Pikeman
44:39 Bracer
46:05 Leather Archer Armor
46:13 Ballistics
46:31 Wheelbarrow
57:08 Ring Archer Armor
57:28 Squires
58:52 Scale Mail Armor
59:03 Forging
59:53 Chain Mail Armor
60:14 Hand Cart
63:46 Plate Mail Armor
63:52 Iron Casting
63:30 Masonry
64:25 Two-Man Saw
63:17 Town Watch
TheAnatolich
11:06 Feudal Age
11:50 Double-Bit Axe
11:46 Horse Collar
12:35 Loom
12:42 Loom
16:28 Fletching
19:46 Man-at-Arms
20:16 Arson
25:51 Castle Age
26:20 Forging
26:10 Scale Mail Armor
30:33 Town Watch
31:13 Bodkin Arrow
32:00 Scale Mail Armor
33:27 Gambesons
33:56 Squires
36:56 Iron Casting
36:37 Chain Mail Armor
37:23 Wheelbarrow
36:49 Town Patrol
37:21 Long Swordsman
38:48 Gold Mining
41:01 Gold Shaft Mining
41:11 Bow Saw
42:25 Heavy Plow
45:08 Imperial Age
45:18 Two-Handed Swordsman
46:24 Hand Cart
53:35 Plate Mail Armor
53:06 Bracer
52:45 Elite Varangian Guard
54:19 Conscription
58:13 Crop Rotation
58:57 Two-Man Saw
59:24 Stone Mining
60:09 Shield Wall
60:12 Elite Hearth Troop
63:07 Spies/Treason
台北順起來
7:37 Loom
9:22 Feudal Age
11:00 Double-Bit Axe
12:29 Man-at-Arms
15:51 Horse Collar
16:31 Arson
20:37 Wheelbarrow
21:08 Fletching
26:38 Castle Age
24:33 Gold Mining
26:39 Stone Mining
26:43 Elite Skirmisher
29:23 Bow Saw
29:14 Heavy Plow
30:03 Squires
35:01 Gold Shaft Mining
43:41 Imperial Age
41:24 Gambesons
41:21 Hamask
41:55 Pikeman
43:50 Halberdier
44:23 Elite Varangian Guard
50:03 Husbandry
50:13 Bloodlines
57:05 Capped Ram
窒息式毒奶大王
7:15 Loom
10:04 Feudal Age
13:31 Fletching
13:31 Town Watch
20:47 Horse Collar
20:54 Double-Bit Axe
22:04 Gold Mining
26:38 Castle Age
29:25 Heavy Plow
29:39 Bow Saw
33:21 Imperial Age
32:47 Wheelbarrow
33:52 Bodkin Arrow
34:11 Forging
34:02 Scale Mail Armor
34:43 Stone Mining
35:58 Two-Man Saw
35:30 Crop Rotation
35:06 Pikeman
36:06 Halberdier
37:33 Hand Cart
40:22 Conscription
40:24 Chain Mail Armor
40:44 Iron Casting
40:41 Squires
40:27 Arson
43:57 Plate Mail Armor
44:27 Blast Furnace
44:23 Elite Teutonic Knight
54:17 Padded Archer Armor
55:56 Chemistry
59:01 Bloodlines
sky2551230
10:31 Feudal Age
9:39 Loom
12:17 Stone Mining
14:29 Castle Age
12:59 Double-Bit Axe
14:07 Horse Collar
29:28 Imperial Age
28:14 Man-at-Arms
28:56 Long Swordsman
29:42 Two-Handed Swordsman
36:55 Gold Mining
39:04 Theocracy
39:19 Block Printing
40:18 Illumination
39:35 Clerical Recruitment
42:00 Redemption
49:50 Coinage
Connection lost

Rejoining the realm…

Still unreachable

The connection could not be restored.

Session expired

The server has moved on; the page needs a fresh start.